 Dungeon Crawl Stone Soup version 0.19.5 (webtiles) character file.

105 Nelagord the Covered (level 4, -1/29 HPs)
             Began as a Gargoyle Fighter on Mar 21, 2017.
             Slain by an orc wizard
             ... wielding a +0 dagger
              (3 damage)
             ... on level 3 of the Dungeon.
             The game lasted 00:05:36 (1382 turns).

Nelagord the Covered (Gargoyle Fighter)             Turns: 1382, Time: 00:05:37

Health: -1/29      AC: 10    Str: 25    XL:     4   Next: 83%
Magic:  4/4        EV:  7    Int: 10    God:
Gold:   108        SH: 10    Dex: 10    Spells: 0 memorised, 3 levels left

rFire  . . .     SeeInvis .       - Unarmed
rCold  . . .     Gourm    .     a - +0 scale mail
rNeg   + . .     Faith    .     b - +0 shield
rPois  ∞         Spirit   .     (no helmet)
rElec  +         Reflect  .     (no cloak)
rCorr  .         Harm     .     (no gloves)
MR     .....                    (no boots)
Stlth  ..........               (no amulet)
                                (no ring)
                                (no ring)

@: mighty
A: clever 1, negative energy resistance 1, electricity resistance, unbreathing,
petrification resistance, rot immunity, AC +3
a: no special abilities


You were on level 3 of the Dungeon.
You were not hungry.

You visited 1 branch of the dungeon, and saw 3 of its levels.

You collected 108 gold pieces.

Inventory:

Armour
 a - a +0 scale mail (worn)
 b - a +0 shield (worn)
Scrolls
 m - a scroll of fear
 n - a scroll of fog
Potions
 f - a potion of flight
Comestibles
 i - a meat ration
 j - a slice of pizza
 l - a royal jelly


   Skills:
 + Level 3.9 Fighting
 + Level 4.0 Armour
 + Level 3.9 Shields
 * Level 3.4 Unarmed Combat


You had 3 spell levels left.
You didn't know any spells.

Dungeon Overview and Level Annotations

Branches:
Dungeon (3/15)

Altars:
Makhleb


Innate Abilities, Weirdness & Mutations

You are resistant to torment.
Your stone body is resilient. (AC +3)
You are immune to poison.
You resist negative energy. (rN+)
You are resistant to electric shocks. (rElec)
You can survive without breathing.
You are immune to petrification.
You are immune to rotting.
Your mind is acute. (Int +2)


Message History

You punch something! The goblin hits you but does no damage.
The orc hits you but does no damage. Something hits you but does no damage.
The hobgoblin hits you but does no damage.
You miss something. The goblin hits you but does no damage.
The orc barely misses you. Something hits you but does no damage.
The hobgoblin hits you.
* * * LOW HITPOINT WARNING * * *
Your magical contamination has completely faded away.
Your shield and scale mail prevent you from hitting something.
You block the goblin's attack. The orc hits you but does no damage.
You hear some strange, mumbled words.
A puff of flame appears from out of thin air!
The puff of flame hits you!
* * * LOW HITPOINT WARNING * * *
The hobgoblin hits you.
* * * LOW HITPOINT WARNING * * *
You feel very mighty all of a sudden. You block the goblin's attack.
The orc hits you but does no damage. Something hits you.
You die...

#..... .#...#
#.....##....%
#...........#
#...........#
#...........#
#...........#
#.>....{g...#
#o@g?..#
#......#
########


You could see an orc, a hobgoblin and a goblin.

Vanquished Creatures
  Robin (D:2)
  2 adders (D:2)
  2 leopard geckos (D:2)
  An orc (D:3)
  7 bats
  3 giant cockroaches
  4 hobgoblins
  4 jackals (D:2)
  2 ball pythons
  4 frilled lizards
  12 goblins
  5 kobolds
  33 rats (D:2)
80 creatures vanquished.

Notes
Turn   | Place    | Note
-------+----------+-------------------------------------------
     0 | D:1      | Nelagord the Gargoyle Fighter began the quest for the Orb.
     0 | D:1      | Reached XP level 1. HP: 14/14 MP: 1/1
   144 | D:1      | Reached XP level 2. HP: 18/19 MP: 2/2
   402 | D:2      | Reached XP level 3. HP: 22/23 MP: 3/3
   442 | D:2      | Noticed Robin
   466 | D:2      | Killed Robin
   531 | D:2      | Reached XP level 4. HP: 26/28 MP: 4/4
   884 | D:2      | Reached skill level 4 in Armour
   976 | D:2      | Found a burning altar of Makhleb.
  1294 | D:2      | Gained mutation: Your mind is acute. (Int +2) [potion of beneficial mutation]
  1382 | D:3      | Slain by an orc wizard

Skill      XL: |  1  2  3  4 |
---------------+-------------+-----
Unarmed Combat | 3 |  3.4
Armour         | 4 |  4.0
Fighting       | |  3.9
Shields        | |  3.9

Action                   |  1- 3 |  4- 6 || total
-------------------------+-------+-------++-------
Melee: Unarmed           |   153 |   164 ||   317
  Use: Scroll            |       |     5 ||     5
       Potion            |       |     5 ||     5
  Eat: Bread ration      |       |     1 ||     1
Armor: Scale mail        |    70 |   130 ||   200
Dodge: Dodged            |    42 |    49 ||    91
Block: Shield            |    69 |    75 ||   144
